 Dungeon Crawl Stone Soup version 0.28-a0-268-g3f656e82c2 (webtiles) character file.

Game seed: 6255931014462256270

221 voltaire321 the Ducker (level 5, 0/41 HPs)
             Began as a Merfolk Gladiator on Aug 28, 2021.
             Slain by a kobold brigand (6 damage)
             ... on level 3 of the Dungeon.
             The game lasted 00:07:10 (4075 turns).

voltaire321 the Ducker (Merfolk Gladiator)          Turns: 4075, Time: 00:07:11

Health: 0/41       AC:  6    Str: 13 (14) XL:     5   Next: 98%
Magic:  5/5        EV: 13    Int:  4 (7)  God:
Gold:   85         SH:  0    Dex: 16 (17) Spells: 4/4 levels left

rFire   . . .      SeeInvis .   a - +0 long sword
rCold   . . .      Faith    .   (no shield)
rNeg    . . .      Spirit   .   g - +0 ring mail
rPois   .          Reflect  .   c - +0 helmet
rElec   .          Harm     .   (no cloak)
rCorr   .          Rampage  .   (no gloves)
Will    .....                   (no boots)
Stlth   +.........              (no amulet)
HPRegen 0.13/turn               (no ring)
MPRegen 0.09/turn               (no ring)

@: mighty
A: (nimble swimmer 2), mertail
a: no special abilities


You were on level 3 of the Dungeon.
You visited 1 branch of the dungeon, and saw 3 of its levels.

You collected 109 gold pieces.
You spent 24 gold pieces at shops.

Inventory:

Hand Weapons
 a - a +0 long sword (weapon)
Missiles
 d - 3 throwing nets (quivered)
 n - 18 poisoned darts
Armour
 c - a +0 helmet (worn)
 g - a +0 ring mail (worn)
Scrolls
 b - a scroll of teleportation {unknown}
 h - 6 scrolls of identify
 j - a scroll of silence {unknown}
 k - a scroll of magic mapping {unknown}
 l - a scroll of noise {unknown}
Potions
 i - a potion of degeneration
 o - a potion of flight {unknown}


   Skills:
 + Level 3.5 Fighting
 + Level 4.2 Long Blades
 + Level 3.1 Throwing
 + Level 1.4 Armour
 + Level 5.3 Dodging


You had 4 spell levels left.
You didn't know any spells.
Your spell library contained the following spells:

 Spells                   Type           Power      Damage    Failure   Level
 Magic Dart               Conj           0%         1d3       77%         1
 Call Imp                 Summ           0%         N/A       88%         2
 Mephitic Cloud           Conj/Pois/Air  0%         N/A       98%         3


Dungeon Overview and Level Annotations

Branches:
Dungeon (3/15)

Altars:
Cheibriados
Uskayaw

Shops:
D:2 ?


Innate Abilities, Weirdness & Mutations

((You are quick and stealthy near water. (Stealth+, EV+, Speed+++)))
Your lower body shifts to a powerful aquatic tail in water.


Message History

* * * LOW HITPOINT WARNING * * *
You feel very sick. The kobold brigand misses you.
The kobold brigand hits you but does no damage.
You are more poisoned.
It was a potion of heal wounds.
You feel much better.
You feel very sick.
The kobold brigand hits you but does no damage.
The kobold brigand hits you with a +0 dagger of venom.
You closely miss the kobold brigand.
The kobold brigand is moderately wounded.
You feel very sick.
The kobold brigand hits you with a +0 club.
The kobold brigand hits you with a +0 dagger of venom.
You are lethally poisoned!
It was a potion of might.
You feel very mighty all of a sudden.
You feel very sick.
The kobold brigand hits you with a +0 club.
The kobold brigand hits you but does no damage.
You are more poisoned.
You slash the kobold brigand!
The kobold brigand is heavily wounded.
* * * LOW HITPOINT WARNING * * *
You feel extremely sick.
The kobold brigand hits you with a +0 club.
* * * LOW HITPOINT WARNING * * *
The kobold brigand barely misses you. The kobold brigand closely misses you.
You hit the kobold brigand.
The kobold brigand is heavily wounded.
* * * LOW HITPOINT WARNING * * *
You feel very sick. The kobold brigand misses you. x2
The kobold brigand hits you but does no damage.
You are more poisoned.
It was a potion of curing.
You feel better.
The kobold brigand hits you with a +0 club!
* * * LOW HITPOINT WARNING * * *
The kobold brigand hits you with a +0 dagger of venom.
You die...

...#.........#########...........
..............#####.......###...#
##.###.......<....#.......##.....
#.# #......#####.........#......
##'###........###.#......##......
.'_###.######.....#......#≈≈≈....
##'###.##.....#####...≈≈≈≈≈≈≈≈≈.>
#.# #....#####KK.######≈≈≈≈≈≈≈≈.
##.###..### #..)@......###≈≈≈####
........#(?....###.......#####...
##......#:$..###≈######.......).)
#...#...######≈≈≈≈≈≈≈≈###.....###
#.##..#.....≈≈≈≈≈≈≈≈....#######.#
..##.#######..≈≈≈≈≈.....#.....##.
.....##### #..##.#..#.....######.
.##......###.......###....# #.
...#)###..##..##.### #....#### #.


You could see 2 kobold brigands.

Vanquished Creatures
  A water moccasin skeleton (D:3)
  Natasha (thrice) (D:3)
  An adder (D:3)
  4 dart slugs
  3 orcs (D:3)
  9 endoplasms
  A giant cockroach (D:3)
  9 hobgoblins
  4 jackals (D:2)
  A quokka (D:2)
  6 ball pythons
  5 bats
  2 frilled lizards
  8 goblins
  13 kobolds
  11 rats
81 creatures vanquished.

Notes
Turn   | Place    | Note
-------+----------+-------------------------------------------
     0 | D:1      | voltaire321 the Merfolk Gladiator began the quest for the
                  | Orb.
     0 | D:1      | Reached XP level 1. HP: 16/16 MP: 1/1
   259 | D:1      | Reached XP level 2. HP: 12/23 MP: 2/2
  1113 | D:2      | Reached XP level 3. HP: 28/28 MP: 3/3
  1122 | D:2      | Found Noanalle's Magic Scroll Shop.
  1145 | D:2      | Found a faded altar of an unknown god.
  1206 | D:2      | Bought a scroll of identify for 24 gold pieces
  2237 | D:3      | Noticed Natasha
  2244 | D:3      | Killed Natasha
  2245 | D:3      | Reached XP level 4. HP: 12/34 MP: 4/4
  2906 | D:3      | Noticed Natasha
  2912 | D:3      | Killed Natasha
  2913 | D:3      | Reached skill level 1 in Armour
  2913 | D:3      | Reached XP level 5. HP: 41/41 MP: 5/5
  2942 | D:3      | Reached skill level 5 in Dodging
  3023 | D:3      | Found a snail-covered altar of Cheibriados.
  3159 | D:3      | Noticed Natasha
  3181 | D:3      | Killed Natasha
  3325 | D:3      | Found a hide-covered altar of Uskayaw.
  4057 | D:3      | Noticed a kobold brigand
  4057 | D:3      | Noticed a kobold brigand
  4075 | D:3      | Slain by a kobold brigand

Illustrated notes

Levels and vault maps discovered:
D:1:      roderic_octagonal_star, layout_basic, minmay_tall_x
D:2:      layout_basic, shapermc_ecumenical_altar_venn, serial_shops,
          nicolae_shop_stone
D:3:      cheibrodos_thug_alley, layout_rooms, lemuel_doored_altar,
          mainiacjoe_overflow_alcove_2, bh_walls_and_bars, uniq_natasha

Skill      XL: |  1  2  3  4  5 |
---------------+----------------+-----
Fighting       | 3 |  3.5
Long Blades    | 4 |  4.2
Armour         | 1 |  1.4
Throwing       | 3 |  3.1
Dodging        | 5 |  5.3

Action                   |  1- 3 |  4- 6 || total
-------------------------+-------+-------++-------
Melee: Long sword        |   175 |   119 ||   294
  Use: Potion            |       |     4 ||     4
Armor: Leather armour    |    12 |       ||    12
       Ring mail         |    52 |    41 ||    93
Dodge: Dodged            |   129 |    78 ||   207

Table legend: (Time is in decaauts)
 A = Elapsed time spent in this place.
 B = Non-inter-level travel time spent in this place.
 C = Inter-level travel time spent in this place.
 D = Time resting spent in this place.
 E = Time spent auto-exploring this place.
 F = Levels seen in this place.
 G = Mean time per level.
                   A        B        C        D        E       F      G
               +--------+--------+--------+--------+--------+-----+--------+
         Total |   4135 |   4079 |     56 |   1121 |   2167 |   3 | 1378.3 |
       Dungeon |   4135 |   4079 |     56 |   1121 |   2167 |   3 | 1378.3 |
               +--------+--------+--------+--------+--------+-----+--------+

Top non-repeatable levels by time:
     D:3: 1859 daAuts
     D:2: 1146 daAuts
     D:1: 1129 daAuts
